 Dungeon Crawl Stone Soup version 0.19.0-19-g8c6edcc (webtiles) character file.

4106 Monsterracer the Cleaver (level 10, -4/90 HPs)
             Began as a Hill Orc Fighter on Nov 13, 2016.
             Was the Champion of Uskayaw.
             Slain by Gastronok (23 damage)
             ... on level 8 of the Dungeon on Nov 14, 2016.
             The game lasted 00:24:13 (6955 turns).

Monsterracer the Cleaver (Hill Orc Fighter)         Turns: 6955, Time: 00:24:14

Health: -4/90      AC:  9    Str: 18    XL:     10   Next: 26%
Magic:  10/10      EV:  8    Int: 13    God:    Uskayaw [******]
Gold:   347        SH:  9    Dex: 13    Spells: 1 memorised, 8 levels left

rFire  . . .     SeeInvis .     a - +0 war axe
rCold  . . .     Gourm    .     s - +1 leather armour of the Fisher {Regen+ Int+3} (curse)
rNeg   . . .     Faith    +     c - +0 shield
rPois  .         Spirit   .     l - +0 helmet
rElec  .         Reflect  .     d - +0 cloak
rCorr  .         Harm     .     (no gloves)
MR     .....     Rnd*Tele +     n - +0 pair of boots
Stlth  +.........               t - amulet of faith
                                (no ring)
                                m - ring of teleportation (curse)

@: no status effects
A: clever 1, screaming 1, weak 1
a: Stomp, Line Pass, Grand Finale, Renounce Religion


You were on level 8 of the Dungeon.
You worshipped Uskayaw.
Uskayaw was noncommittal.
You were hungry.

You visited 2 branches of the dungeon, and saw 9 of its levels.

You collected 377 gold pieces.
You spent 30 gold pieces at shops.

Inventory:

Hand Weapons
 a - a +0 war axe (weapon)
Armour
 c - a +0 shield (worn)
 d - a +0 cloak (worn)
 l - a +0 helmet (worn)
 n - a +0 pair of boots (worn)
 s - the cursed +1 leather armour of the Fisher (worn) {Regen+ Int+3}
   (You found it on level 5 of the Dungeon)

   It affects your intelligence (+3).
   It increases your rate of regeneration.
   It has a curse placed upon it.
Jewellery
 m - a cursed ring of teleportation (left hand)
 t - an amulet of faith (around neck)
Wands
 p - a wand of slowing (14/48)
Scrolls
 e - 2 scrolls of blinking {unknown}
 g - 9 scrolls of remove curse
 i - a scroll of teleportation {unknown}
 j - 2 scrolls of noise {unknown}
 k - a scroll of random uselessness {unknown}
 r - 5 scrolls of identify {unknown}
 u - a scroll of enchant weapon {unknown}
 w - a scroll of enchant armour {unknown}
 y - a scroll of magic mapping {unknown}
Potions
 h - 5 potions of curing
 o - a potion of magic
 x - a potion of haste
Books
 z - a book of Cantrips

   Spells                             Type                      Level
   a - Confusing Touch                Hexes                        1
   b - Animate Skeleton               Necromancy                   1
   c - Summon Small Mammal            Summoning                    1
   d - Apportation                    Translocation                1
Comestibles
 b - 2 meat rations
 f - 4 bread rations
 q - 5 fruits
 v - a slice of pizza


   Skills:
 + Level 8.4 Fighting
 * Level 13.7 Axes
 + Level 7.8 Armour
 - Level 3.2 Shields
 + Level 3.2 Summonings


You had 8 spell levels left.
You knew the following spells:

 Your Spells              Type           Power        Failure   Level  Hunger
a - Summon Small Mammal   Summ           #...         50%         1    ##.....


Dungeon Overview and Level Annotations

Branches:
Dungeon (8/15)             Temple (1/1) D:6
   Lair: D:8-11

Altars:
Ashenzari
Cheibriados
Dithmenos
Elyvilon
Fedhas
Gozag
Hepliaklqana
Kikubaaqudgha
Makhleb
Nemelex Xobeh
Okawaru
Qazlal
Ru
Sif Muna
Trog
Uskayaw
Vehumet
Xom
Yredelemnul
Zin
The Shining One

Shops:
D:4 *   D:6 [

Annotations:
D:8 Gastronok


Innate Abilities, Weirdness & Mutations

Your mind is acute. (Int +2)
You occasionally shout uncontrollably at your foes.
You are weak. (Str -2)


Message History

The hippogriff claws you but does no damage.
You slash the hippogriff!
You kill the quokka!
The quokka's corpse disappears in a puff of smoke!
You kill the hippogriff!
Gastronok is no longer sharing his pain.
You hit the jackal but do no damage.
The jackal is almost dead.
The jackal is no longer sharing its pain.
The jackal barely misses you.
You slash the jackal!
You kill the jackal!
You block the bat's attack.
Gastronok's eyestalks quiver as he mumbles some strange words.
You slash the bat!
You kill the bat!
The bat's corpse disappears in a puff of smoke!
You block the quokka's attack. The rat closely misses you.
Gastronok bites you!!
You die...

♣♣♣♣ ♣♣..(♣
... ♣..!.. ..♣
♣$....♣♣♣ ..§
♣..brwr♣ ♣♣..§
♣@♣ ♣.♣♣♣♣..§§
♣.♣♣ ♣.....♣♣♣
♣♣.♣♣♣
♣♣♣♣.).♣
♣♣..♣♣♣
♣♣.[.♣♣
♣♣♣..♣♣♣
♣......
♣♣♣..♣♣♣..♣♣♣♣
♣♣♣....♣♣
♣♣♣♣♣♣


You could see Gastronok, a quokka, a bat and a rat.

Vanquished Creatures
  A tengu conjurer (D:8)
  The ghost of Mlkhall the Ruffian, an amateur TrWz of Cheibriados (D:4)
  A hippogriff (D:8)
  6 spriggans (D:8)
  Sigmund (D:3)
  A necrophage (D:7)
  An ice beast (D:5)
  A sky beast (D:6)
  A black bear (D:8)
  2 ogres
  2 centaurs (D:6)
  Blork the orc (D:5)
  2 bullfrogs (D:8)
  2 scorpions
  7 killer bees
  A howler monkey (D:4)
  3 crimson imps
  A centaur zombie (D:7)
  A bullfrog zombie (D:7)
  4 hounds
  A bullfrog skeleton (D:6)
  Crazy Yiuf (D:3)
  2 orc priests
  A gnoll shaman (D:4)
  Jessica (D:3)
  2 iguanas
  Natasha (D:3)
  4 orc wizards
  4 worker ants
  A killer bee zombie (D:6)
  3 hound skeletons
  Robin (D:3)
  3 gnolls (D:4)
  5 adders
  2 shadow imps
  3 oozes
  An adder skeleton (D:4)
  3 worms
  4 dart slugs
  4 leopard geckos
  20 orcs
  2 ball pythons
  8 bats
  3 giant cockroaches
  15 goblins
  9 hobgoblins
  5 jackals
  2 quokkas
  6 frilled lizards
  A giant cockroach zombie (D:5)
  6 kobolds
  6 rats
170 creatures vanquished.

Notes
Turn   | Place    | Note
-------+----------+-------------------------------------------
     0 | D:1      | Monsterracer the Hill Orc Fighter began the quest for the Orb.
     0 | D:1      | Reached XP level 1. HP: 19/19 MP: 1/1
    59 | D:1      | Reached skill level 3 in Axes
    75 | D:1      | Reached XP level 2. HP: 25/26 MP: 2/2
   189 | D:1      | Reached skill level 4 in Axes
   387 | D:1      | Reached XP level 3. HP: 31/31 MP: 3/3
   671 | D:2      | Found a glowing silver altar of Zin.
   705 | D:2      | Reached skill level 5 in Axes
   873 | D:2      | Found a snail-covered altar of Cheibriados.
   905 | D:2      | Reached XP level 4. HP: 39/39 MP: 4/4
  1010 | D:2      | Gained mutation: Your mind is acute. (Int +2) [potion of mutation]
  1010 | D:2      | Gained mutation: You occasionally shout uncontrollably at your foes. [potion of mutation]
  1010 | D:2      | Gained mutation: You are weak. (Str -2) [potion of mutation]
  1059 | D:2      | Found a sacrificial altar of Ru.
  1312 | D:3      | Reached skill level 6 in Axes
  1493 | D:3      | Reached skill level 7 in Axes
  1493 | D:3      | Reached XP level 5. HP: 38/45 MP: 5/5
  1851 | D:3      | Noticed Sigmund
  1865 | D:3      | Killed Sigmund
  1865 | D:3      | Reached skill level 8 in Axes
  1865 | D:3      | Reached XP level 6. HP: 47/51 MP: 6/6
  1893 | D:3      | Noticed Jessica
  1896 | D:3      | Noticed Robin
  1897 | D:3      | Killed Jessica
  1912 | D:3      | Killed Robin
  2270 | D:3      | Found a runed door.
  2274 | D:3      | Noticed Crazy Yiuf
  2284 | D:3      | Killed Crazy Yiuf
  2284 | D:3      | Reached skill level 9 in Axes
  2346 | D:3      | Noticed Natasha
  2350 | D:3      | Killed Natasha
  2356 | D:3      | Reached XP level 7. HP: 47/58 MP: 7/7
  2769 | D:4      | Noticed Mlkhall's ghost (amateur TrWz)
  2797 | D:4      | Killed Mlkhall's ghost
  2940 | D:4      | Reached skill level 10 in Axes
  3215 | D:4      | Reached skill level 5 in Fighting
  3215 | D:4      | Reached XP level 8. HP: 46/68 MP: 8/8
  3582 | D:4      | Found Heuxoada's General Store.
  3590 | D:4      | Bought a scroll of remove curse for 30 gold pieces
  4036 | D:5      | Entered Level 5 of the Dungeon
  4095 | D:5      | Reached skill level 5 in Armour
  4446 | D:5      | Noticed Blork the orc
  4460 | D:5      | Killed Blork the orc
  4626 | D:5      | Found a shadowy altar of Dithmenos.
  4776 | D:5      | Got a steaming leather armour
  4787 | D:5      | Identified the cursed +1 leather armour of the Fisher {Regen+ Int+3} (You found it on level 5 of the Dungeon)
  5101 | D:6      | Reached skill level 11 in Axes
  5237 | D:6      | Found a staircase to the Ecumenical Temple.
  5283 | Temple   | Entered the Ecumenical Temple
  5294 | Temple   | Became a worshipper of Uskayaw the Reveler
  5485 | D:6      | Found Jiysiugh's Antique Armour Shop.
  5505 | D:6      | Reached * piety under Uskayaw
  5509 | D:6      | Reached ** piety under Uskayaw
  5510 | D:6      | Reached *** piety under Uskayaw
  5617 | D:6      | Reached XP level 9. HP: 75/78 MP: 9/9
  5652 | D:6      | Found an iron altar of Okawaru.
  5830 | D:7      | Reached **** piety under Uskayaw
  5831 | D:7      | Reached skill level 12 in Axes
  5834 | D:7      | Reached ***** piety under Uskayaw
  5839 | D:7      | Reached ****** piety under Uskayaw
  6232 | D:7      | Learned a level 1 spell: Summon Small Mammal
  6694 | D:8      | Reached skill level 1 in Summonings
  6761 | D:8      | Reached skill level 13 in Axes
  6779 | D:8      | Noticed a tengu conjurer
  6795 | D:8      | Killed a tengu conjurer
  6795 | D:8      | Reached XP level 10. HP: 27/88 MP: 10/10
  6918 | D:8      | Noticed Gastronok
  6955 | D:8      | Slain by Gastronok

Skill      XL: |  1  2  3  4  5  6  7  8  9 10 |
---------------+-------------------------------+-----
Axes           | 3 4 5 7 8 9 10 11 13 | 13.7
Fighting       | 5 6 8 |  8.4
Armour         | 4 6 7 |  7.8
Summonings     | 2 3 |  3.2
Shields        | |  3.2

Action                   |  1- 3 |  4- 6 |  7- 9 | 10-12 || total
-------------------------+-------+-------+-------+-------++-------
Melee: War axe           |   102 |   136 |   400 |    47 ||   685
  Use: Potion            |     3 |     5 |     9 |       ||    17
 Stab: Invisible         |       |     2 |       |       ||     2
       Paralysed         |       |       |    11 |     1 ||    12
  Eat: Chunk             |       |     5 |    15 |       ||    20
Armor: Scale mail        |    48 |    45 |    11 |       ||   104
       Plate armour      |       |       |    72 |       ||    72
       Leather armour    |       |       |    72 |    13 ||    85
Dodge: Dodged            |    35 |    35 |    90 |    11 ||   171
Block: Shield            |    56 |    53 |   169 |    13 ||   291
